 Dungeon Crawl Stone Soup version 0.29.1-15-g9cfb28693d (webtiles) character file.

Game seed: 871784362758506311

188 tkbsonic5 the Ducker (level 5, -4/37 HPs)
             Began as a Merfolk Earth Elementalist on July 22, 2023.
             Slain by a sixfirhy (9 damage)
             ... on level 1 of the Abyss.
             The game lasted 00:10:58 (3224 turns).

tkbsonic5 the Ducker (Merfolk Earth Elementalist)   Turns: 3224, Time: 00:10:59

Health: -4/37      AC:  4    Str:  9    XL:     5   Next: 67%
Magic:  0/8        EV: 12    Int: 18    God:
Gold:   28         SH:  0    Dex: 14    Spells: 2/8 levels left

rFire   . . .      SeeInvis .   r - +0 halberd
rCold   . . .      Faith    .   (shield currently unavailable)
rNeg    . . .      Spirit   .   h - +0 leather armour
rPois   .          Reflect  .   q - +0 helmet
rElec   .          Harm     .   (no cloak)
rCorr   .          Rampage  .   (no gloves)
Will    .....                   (no boots)
Stlth   ++........              (no amulet)
HPRegen 0.12/turn               k - ring of flight
MPRegen 0.11/turn               (no ring)

@: flying, unable to drink
A: (nimble swimmer 2), mertail, clever 1, deterioration 1, inability to drink
after injury 1
a: no special abilities


You were on level 1 of the Abyss.
You visited 1 branch of the dungeon, and saw 4 of its levels.
You visited the Abyss 1 time.

You collected 162 gold pieces.
You spent 134 gold pieces at shops.

Inventory:

Hand Weapons
 f - a +0 spear
 i - a +1 trident of distortion {Doom's Stoner Spear}
 r - a +0 halberd (weapon)
Missiles
 d - 39 stones
Armour
 a - a +0 robe
 h - a +0 leather armour (worn)
 n - a +0 buckler
 q - a +0 helmet (worn)
 s - a +0 ring mail
Jewellery
 k - a ring of flight (left hand)
Wands
 u - a wand of mindburst (3)
Scrolls
 g - a scroll of magic mapping {unknown}
 l - a scroll of fear {unknown}
 m - a scroll of enchant armour {unknown}
 o - a scroll of brand weapon {unknown}
 p - 3 scrolls of noise {unknown}
 t - 2 scrolls of immolation {unknown}
Potions
 b - a potion of magic
 c - a potion of curing
 e - a potion of lignification {unknown}
 j - a potion of cancellation
 v - a potion of might


   Skills:
 * Level 1.5 Fighting
 * Level 2.4 Polearms
 * Level 3.6 Dodging
 - Level 2.4 Stealth
 - Level 0.4 Shields
 + Level 2.3 Spellcasting
 * Level 1.2 Conjurations
 * Level 2.9 Transmutations
 * Level 3.1 Earth Magic
 + Level 0.0 Evocations


You had 2 spell levels left.
You knew the following spells:

 Your Spells              Type           Power      Damage    Failure   Level
a - Sandblast             Erth           26%        2d8       7%          1
b - Passwall              Tmut/Erth      10%        N/A       11%         2
c - Stone Arrow           Conj/Erth      18%        3d8       30%         3

Your spell library contained the following spells:

 Spells                   Type           Power      Damage    Failure   Level
 Petrify                  Tmut/Erth      13%        N/A       56%         4


Dungeon Overview and Level Annotations

Branches:
Dungeon (4/15)
 Temple: D:4-7

Altars:

Shops:
D:3 :   D:4 *


Innate Abilities, Weirdness & Mutations

((You are very nimble when in or above water. (Stealth+, EV+, Speed+++)))
Your lower body shifts to a powerful aquatic tail in water.
Your mind is acute. (Int +4, Str/Dex -1)
Your body sometimes deteriorates upon taking damage.
You occasionally lose the ability to drink potions when taking damage.


Message History

Press: ? - help, Shift-Dir - straight line, f/p - gnoll
Aim: a gnoll, wielding a +0 halberd (severely wounded, chance to affect: 72%)
The gnoll struggles to resist.
You miscast Sandblast.
You are very lightly contaminated with residual magic.
Nothing appears to happen.
The blast of sand hits the gnoll!
You kill the gnoll!
You start resting.
Your magical contamination has completely faded away.
You now have 28 gold pieces (gained 9).
d - 39 stones (gained 6)
Items here: ))) [ ††.
r - a +0 halberd You can't wield that with only one hand.
Unknown command.
You start removing your armour.
You continue taking off your +0 buckler. x4
You finish taking off your +0 buckler.
Really unwield
i - a +1 trident of distortion {Doom's Stoner Spear}?
r - a +0 halberd (weapon)
You are cast into the Abyss!
This branch contains the abyssal rune of Zot.
Found a corrupted altar of Lugonu.
Found a gateway leading deeper into the Abyss.
There is a gateway leading deeper into the Abyss here.
You hear a chilling moan.
A sixfirhy comes into view.
The sixfirhy moves out of view.
The sixfirhy closely misses you.
You miss the sixfirhy.
Deactivating autopickup; reactivate with Ctrl-A.
You miss something. The sixfirhy hits you! The sixfirhy shocks you!
The sixfirhy misses you. The sixfirhy closely misses you. Something hits you.
You feel your power leaking away. The sixfirhy hits you!
You feel threatened and lose the ability to drink potions!
* * * LOW HITPOINT WARNING * * *
The sixfirhy shocks you!
You die...

#. ..
##. #.
.##.#
#..#.#.#
#..###
#.##
#..#
#.##
#..#
##@#
##3..#
##...#
#.# #.


You could see a sixfirhy.

Vanquished Creatures
  An orc priest (D:4)
  An orc wizard (D:3)
  3 gnolls (D:4)
  An adder (D:2)
  An ufetubus (D:3)
  A worm (D:3)
  5 dart slugs
  5 orcs
  3 ball pythons
  7 bats
  3 endoplasms
  3 giant cockroaches
  4 goblins
  6 hobgoblins
  2 jackals
  9 kobolds
  A quokka (D:2)
  3 frilled lizards
  6 rats
65 creatures vanquished.

Vanquished Creatures (others)
  5 plants (D:4)
5 creatures vanquished.

Grand Total: 70 creatures vanquished

Notes
Turn   | Place    | Note
-------+----------+-------------------------------------------
     0 | D:1      | tkbsonic5 the Merfolk Earth Elementalist began the quest
                  | for the Orb.
     0 | D:1      | Reached XP level 1. HP: 13/13 MP: 3/3
   139 | D:1      | Found a faded altar of an unknown god.
   219 | D:1      | Reached XP level 2. HP: 19/19 MP: 1/5
   223 | D:1      | Learned a level 2 spell: Passwall
   675 | D:1      | Reached skill level 1 in Polearms
   729 | D:1      | Reached XP level 3. HP: 24/24 MP: 6/6
  1293 | D:2      | Learned a level 3 spell: Stone Arrow
  1373 | D:2      | Reached XP level 4. HP: 31/31 MP: 7/7
  1951 | D:3      | Reached skill level 1 in Fighting
  2392 | D:3      | Gained mutation: Your mind is acute. (Int +4, Str/Dex -1)
                  | [potion of mutation]
  2392 | D:3      | Gained mutation: You occasionally lose the ability to drink
                  | potions when taking damage. [potion of mutation]
  2392 | D:3      | Gained mutation: Your body sometimes deteriorates upon
                  | taking damage. [potion of mutation]
  2711 | D:3      | Found Iseez's Book Shoppe.
  2864 | D:4      | Found Utriham's Assorted Antiques.
  2870 | D:3      | Reached XP level 5. HP: 34/37 MP: 4/8
  2871 | D:3      | Reached skill level 1 in Conjurations
  3115 | D:4      | Bought a scroll of identify for 34 gold pieces
  3115 | D:4      | Bought a worn bone wand for 68 gold pieces
  3115 | D:4      | Bought a scroll labelled PIOQ XUESS for 17 gold pieces
  3115 | D:4      | Bought a cyan potion for 15 gold pieces
  3163 | Abyss:1  | Found a corrupted altar of Lugonu.
  3163 | Abyss:1  | Cast into level 1 of the Abyss (unwielding a weapon of
                  | distortion)
  3221 | Abyss:1  | Noticed a sixfirhy
  3224 | Abyss:1  | Slain by a sixfirhy

Illustrated notes

Levels and vault maps discovered:
D:1:      dpeg_arrival_ternary, layout_loops_ring, basic_ecumenical_altar
D:2:      layout_rooms, minmay_small_reverse_x
D:3:      layout_basic, serial_shops, shop_statue, minmay_ruptured
D:4:      layout_rooms, gammafunk_ghost_arena, serial_shops,
          nicolae_shop_overgrown_old_shop, serial_bayou, serial_bayou_crossing,
          serial_bayou_pond_b, serial_bayou_pond_e, serial_bayou_ford_a,
          serial_bayou_pond_d, nicolae_shop_sticking_my_neck_out
Abyss:1:  base: D:4, base:
Temple

Skill      XL: |  1  2  3  4  5 |
---------------+----------------+-----
Transmutations | 2 |  2.9
Polearms       | 1 2 |  2.4
Dodging        | 3 |  3.6
Fighting       | 1 |  1.5
Earth Magic    | 3 |  3.1
Conjurations   | 1 |  1.2
Stealth        | |  2.4
Shields        | |  0.4
Spellcasting   | |  2.3

Action                   |  1- 3 |  4- 6 || total
-------------------------+-------+-------++-------
Melee: Trident           |    20 |    24 ||    44
       Spear             |     2 |       ||     2
       Halberd           |       |     2 ||     2
 Cast: Sandblast         |    37 |    52 ||    89
Evoke: Wand              |       |     5 ||     5
  Use: Scroll            |     2 |     2 ||     4
       Potion            |       |     3 ||     3
 Stab: Sleeping          |     2 |     2 ||     4
Armor: Leather armour    |     4 |     9 ||    13
Dodge: Dodged            |    12 |    27 ||    39
Block: Buckler           |       |    11 ||    11
